 Dungeon Crawl Stone Soup version 0.20.0-15-g7f486f2 (webtiles) character file.

831 NoAnimeNoLife the Basher (level 7, -1/52 HPs)
             Began as a Demonspawn Fighter on June 14, 2017.
             Slain by Edmund
             ... wielding a +2 flail of holy wrath
              (7 damage)
             ... on level 4 of the Dungeon.
             The game lasted 00:03:39 (3175 turns).

NoAnimeNoLife the Basher (Demonspawn Fighter)       Turns: 3175, Time: 00:03:40

Health: -1/52      AC:  9    Str: 17    XL:     7   Next: 65%
Magic:  7/7        EV:  6    Int:  9    God:
Gold:   233        SH:  9    Dex: 14    Spells: 6/6 levels left

rFire    . . .     SeeInvis .   k - +0 mace (crush)
rCold    . . .     Gourm    .   c - +0 shield
rNeg     . . .     Faith    .   b - +0 scale mail
rPois    .         Spirit   .   (no helmet)
rElec    .         Reflect  .   (no cloak)
rCorr    .         Harm     .   (no gloves)
MR       .....                  (no boots)
Stlth    +.........             q - amulet of magic regeneration
Regen    0.2/turn               p - +1 ring of protection
MPRegen  0.2/turn               (no ring)

@: no status effects
A: claws 1, thin metallic scales 1, demonic guardian 1, nightstalker 1
a: no special abilities


You were on level 4 of the Dungeon.
You were not hungry.

You visited 1 branch of the dungeon, and saw 4 of its levels.

You collected 233 gold pieces.

Inventory:

Hand Weapons
 a - a +0 flail
 k - a +0 mace of crushing (weapon)
Armour
 b - a +0 scale mail (worn)
 c - a +0 shield (worn)
Jewellery
 p - a +1 ring of protection (left claw)
 q - an amulet of magic regeneration (around neck)
 v - an uncursed ring of protection from fire {unknown}
Scrolls
 e - 3 scrolls of fog {unknown}
 n - 2 scrolls of remove curse {unknown}
 r - 2 scrolls of enchant armour {unknown}
 s - 3 scrolls of identify {unknown}
 t - a scroll of teleportation {unknown}
Potions
 d - a potion of might
 i - a potion of cancellation {unknown}
 j - 3 potions of curing {unknown}
 l - 2 potions of agility
 m - a potion of lignification {unknown}
 o - 3 potions of heal wounds
 w - 2 potions of invisibility {unknown}
 x - a potion of degeneration {unknown}
Comestibles
 f - 7 bread rations
 g - a chunk of flesh
 h - 2 meat rations
 u - a royal jelly


   Skills:
 - Level 3.0 Fighting
 + Level 8.1 Maces & Flails
 - Level 2.6 Armour
 - Level 2.6 Shields


You had 6 spell levels left.
You didn't know any spells.

Dungeon Overview and Level Annotations

Branches:
Dungeon (4/15)
 Temple: D:4-7

Altars:
The Shining One

Annotations:
D:4 Edmund


Innate Abilities, Weirdness & Mutations

You have sharp fingernails.
You are partially covered in thin metallic scales. (AC +2)
A weak demonic guardian rushes to your aid.
You are slightly more attuned to the shadows.


Message History

Your quasit claws Edmund but does no damage.
Your quasit disappears in a puff of smoke!
Your quasit bites Edmund but does no damage.
Your quasit claws Edmund but does no damage. x2
Edmund closely misses your quasit.
Your quasit bites Edmund but does no damage.
Your quasit claws Edmund but does no damage.
Your quasit barely misses Edmund.
Edmund hits your quasit with a flail of holy wrath.
Your quasit convulses.
Your quasit dies!
You block Edmund's attack.
Edmund hits you with a flail of holy wrath.
* * * LOW HITPOINT WARNING * * *
You convulse.
* * * LOW HITPOINT WARNING * * *
You hit Edmund.
Edmund is almost dead.
Edmund hits you with a flail of holy wrath!
You die...

.........#
.........##.#
.........##.#
.........##.#
........(##.#
.........##.#
.....†...##.#
.........##@#
...........@#
.........##############
.........'..).........#
.........###########.##
........## #......#
######.# #.##..## #.#
#.#<..# #.# #.#...# ...
#.#...#


You could see Edmund.

Vanquished Creatures
  Grinder (D:4)
  The ghost of Nattefrost the Bolt Thrower, an amateur KoHu (D:3)
  An ogre (D:4)
  A scorpion (D:4)
  An orc priest (D:4)
  3 hounds
  Jessica (D:3)
  An iguana (D:4)
  2 orc wizards
  A worker ant (D:4)
  3 gnolls (D:4)
  5 adders
  An ooze (D:3)
  2 worms
  3 dart slugs
  5 leopard geckos
  8 orcs
  6 bats
  A giant cockroach (D:2)
  7 goblins
  5 hobgoblins
  7 jackals
  2 quokkas
  A ball python (D:3)
  7 frilled lizards
  11 kobolds
  A leopard gecko skeleton (D:4)
  7 rats
95 creatures vanquished.

Vanquished Creatures (collateral kills)
  A jackal (D:4)
1 creature vanquished.

Grand Total: 96 creatures vanquished

Notes
Turn   | Place    | Note
-------+----------+-------------------------------------------
     0 | D:1      | NoAnimeNoLife the Demonspawn Fighter began the quest for the Orb.
     0 | D:1      | Reached XP level 1. HP: 18/18 MP: 1/1
    68 | D:1      | Reached skill level 2 in Maces & Flails
   267 | D:1      | Gained mutation: You are partially covered in thin metallic scales. (AC +2) [demonic ancestry]
   267 | D:1      | Reached XP level 2. HP: 24/24 MP: 2/2
   732 | D:2      | Reached skill level 3 in Maces & Flails
   871 | D:2      | Gained mutation: You have sharp fingernails. [demonic ancestry]
   871 | D:2      | Reached XP level 3. HP: 29/29 MP: 3/3
  1154 | D:3      | HP: 1/29 [poisoned by an adder]
  1402 | D:3      | Gained mutation: You are slightly more attuned to the shadows. [demonic ancestry]
  1402 | D:3      | Reached XP level 4. HP: 18/35 MP: 4/4
  1568 | D:3      | Reached skill level 4 in Maces & Flails
  1605 | D:3      | Noticed Jessica
  1622 | D:3      | Killed Jessica
  1684 | D:3      | Noticed Nattefrost's ghost (amateur KoHu)
  1686 | D:3      | Reached XP level 5. HP: 22/41 MP: 5/5
  1705 | D:3      | Killed Nattefrost's ghost
  1705 | D:3      | Reached skill level 5 in Maces & Flails
  1709 | D:3      | Found a glowing golden altar of the Shining One.
  2216 | D:3      | Reached XP level 6. HP: 47/47 MP: 6/6
  2341 | D:3      | Reached skill level 6 in Maces & Flails
  2660 | D:4      | Noticed Grinder
  2669 | D:4      | Killed Grinder
  2669 | D:4      | Reached skill level 7 in Maces & Flails
  2669 | D:4      | Gained mutation: A weak demonic guardian rushes to your aid. [demonic ancestry]
  2669 | D:4      | Reached XP level 7. HP: 52/52 MP: 7/7
  3015 | D:4      | Reached skill level 8 in Maces & Flails
  3152 | D:4      | Noticed Edmund
  3175 | D:4      | Slain by Edmund

Skill      XL: |  1  2  3  4  5  6  7 |
---------------+----------------------+-----
Maces & Flails | 2 3 4 5 7 8 |  8.1
Fighting       | |  3.0
Armour         | |  2.6
Shields        | |  2.6

Action                   |  1- 3 |  4- 6 |  7- 9 || total
-------------------------+-------+-------+-------++-------
Melee: Flail             |    28 |       |       ||    28
       Mace              |    96 |   154 |    69 ||   319
  Use: Potion            |     1 |     1 |       ||     2
 Stab: Distracted        |       |       |     2 ||     2
  Eat: Chunk             |     2 |     3 |     3 ||     8
Armor: Scale mail        |    63 |    95 |    25 ||   183
Dodge: Dodged            |    27 |    46 |     8 ||    81
Block: Shield            |    67 |    97 |    26 ||   190
